 Dungeon Crawl Stone Soup version 0.30.1-11-g7821555f0a (webtiles) character file.

Game seed: 8492426429003190911

6008 Amplified the Tainter (level 10, 0/71 HPs)
             Began as an Octopode Venom Mage on Oct 29, 2023.
             Was an Initiate of Ashenzari.
             Slain by Harold
             ... wielding a +0 mace
              (15 damage)
             ... on level 9 of the Dungeon.
             The game lasted 00:23:32 (10955 turns).

Amplified the Tainter (Octopode Venom Mage)        Turns: 10955, Time: 00:23:32

Health: 0/71       AC:  5    Str: 20    XL:     10   Next: 85%
Magic:  1/29       EV: 13    Int: 22    God:    Ashenzari [......]
Gold:   410        SH:  0    Dex: 14    Spells: 12/22 levels left

rFire   + + .        r - staff of poison
rCold   . . .        (no shield)
rNeg    . . .        (helmet restricted)
rPois   +            y - amulet of regeneration
rElec   .            b - +4 ring of protection
rCorr   .            m - ring of Ashenzari's Suspicion {Fly rF++ Str+6 Dex+2, Melee, Elem} (curse)
SInv    .            s - ring of wizardry
Will    .....        q - +6 ring of strength
Stlth   ++++         B - ring of magical power
HPRegen 1.11/turn    (no ring)
MPRegen 0.21/turn    (no ring)
                     (no ring)

%: wizardry (x1)
@: flying
A: almost no armour, amphibious, 8 rings, camouflage 1, gelatinous body 1,
(nimble swimmer 1), tentacles
a: Renounce Religion, Curse Item, Shatter the Chains


You were on level 9 of the Dungeon.
You worshipped Ashenzari.
Ashenzari was noncommittal.
You visited 1 branch of the dungeon, and saw 9 of its levels.

You collected 410 gold pieces.

Inventory:

Hand Weapons
 i - the +2 long sword "Taataim" {heavy, rF- rC+ Int+5}
   (You found it on level 2 of the Dungeon)

   Int:       It affects your intelligence (+5).
   rF:        It makes you vulnerable to fire.
   rC:        It protects you from cold.
Missiles
 f - a throwing net
 g - 41 poisoned darts (quivered)
Magical Staves
 o - the staff of cold "Pilolai" {rC+ SInv}
   (You found it on level 4 of the Dungeon)

   [staff of cold]

   Base accuracy: +5 Base damage: 5 Base attack delay: 1.2 This weapon's minimum
   attack delay (0.6) is reached at skill level 12.
   rC:        It protects you from cold.
   SInv:      It lets you see invisible.
   It falls into the 'Staves' category.
   It is a one-tentacled weapon.
 r - a staff of poison (weapon)
Jewellery
 b - a +4 ring of protection (left tentacle)
 m - the cursed ring of Ashenzari's Suspicion (right tentacle) {Fly rF++ Str+6 Dex+2, Melee, Elem}
   (You acquired it on level 4 of the Dungeon)

   [ring of strength]

   Str:       It affects your strength (+6).
   Dex:       It affects your dexterity (+2).
   rF:        It greatly protects you from fire.
   Fly:       It grants you flight.
   It has a curse which improves the following skills: Melee Combat: Short
   Blades, Long Blades, Axes, Maces & Flails, Polearms, Staves and Unarmed
   Combat.
   Elements:  Fire Magic, Ice Magic, Air Magic and Earth Magic.
 q - a +6 ring of strength (on tentacle)
 s - a ring of wizardry (on tentacle)
 y - an amulet of regeneration (around mantle)
 B - a ring of magical power (on tentacle)
Wands
 t - a wand of paralysis (4)
 v - a wand of polymorph (8)
 x - a wand of flame (20)
Scrolls
 e - 3 scrolls of teleportation
 h - a scroll of enchant armour
 j - a scroll of noise
 l - a scroll of summoning
 n - a scroll of enchant weapon
 w - a scroll of magic mapping
 A - a scroll of fear
Potions
 a - a potion of magic
 c - 4 potions of brilliance
 d - 2 potions of lignification
 k - a potion of resistance
 p - 2 potions of degeneration
 u - a potion of cancellation {unknown}
 z - a potion of haste


   Skills:
 * Level 7.1 Fighting
 - Level 2.0(2.3) Staves
 - Level 2.0 Dodging
 - Level 5.5 Stealth
 * Level 6.9 Spellcasting
 * Level 5.4 Summonings
 - Level 2.2 Transmutations
 - Level 2.1(2.4) Ice Magic
 * Level 6.2(6.6) Air Magic
 * Level 9.4 Poison Magic


You had 12 spell levels left.
You knew the following spells:

 Your Spells              Type           Power      Damage    Failure   Level
a - Sting                 Tmut/Pois      100%       1d8       1%          1
b - Poisonous Vapours     Pois/Air       100%       N/A       1%          2
c - Summon Small Mammal   Summ           100%       N/A       1%          1
d - Call Canine Familiar  Summ           31%        N/A       1%          3
e - Stone Arrow           Conj/Erth      14%        3d7       10%         3

Your spell library contained the following spells:

 Spells                   Type           Power      Damage    Failure   Level
 Mephitic Cloud           Conj/Pois/Air  46%        N/A       1%          3
 Olgreb's Toxic Radiance  Pois           65%        N/A       1%          4
 Summon Guardian Golem    Hex/Summ       19%        N/A       3%          3
 Tukima's Dance           Hex            7%         N/A       11%         3
 Passage of Golubria      Tloc           7%         N/A       32%         4
 Yara's Violent Unravell  Hex/Tmut       6%         3d5       47%         5
 Lehudib's Crystal Spear  Conj/Erth      3%         10d3      100%        8
 Animate Armour           Summ/Erth      Unusable   N/A       N/A         4

Dungeon Overview and Level Annotations

Branches:
Dungeon (9/15)             Temple (0/1) D:6            Lair (0/5) D:8
    Orc: D:9-12

Altars:
Ashenzari
Fedhas
Kikubaaqudgha
Makhleb
Trog
Vehumet
Wu Jian
Xom

Annotations:
D:6 3 runed translucent doors, VerbalBBQ's ghost, novice FoFi
D:9 Harold


Innate Abilities, Weirdness & Mutations

You cannot wear most types of armour.
You are amphibious.
You can wear up to eight rings at the same time.
Your skin changes colour to match your surroundings (Stealth+).
Your rubbery body absorbs attacks. (AC +1, EV +1)
((You are camouflaged when in or above water. (Stealth+)))
You have tentacles for arms and can constrict up to eight enemies at once.


Message History

Casting: Poisonous Vapours (safe; 1% risk of failure)
Confirm with . or Enter, or press ? or * to list all spells.
Aiming: Poisonous Vapours (safe; 1% risk of failure)
Press: ? - help, Dir - move target, f/p - Harold
Aim: Harold, wielding a +0 mace, wearing a +0 scale mail and quivering 2 throwing nets (severely wounded, extremely poisoned)
You feel a surge of power!
Poisonous vapours surround Harold!
Harold looks as sick as possible!
Harold hits you with a +0 mace!
Unknown command.
You barely miss Harold. Your grab misses Harold. You squeeze Harold.
Harold is severely wounded.
Harold hits you with a +0 mace!
* * * LOW HITPOINT WARNING * * *
Unknown command.
Casting: Poisonous Vapours (safe; 1% risk of failure)
Confirm with . or Enter, or press ? or * to list all spells.
Aiming: Stone Arrow (dangerous; 10% risk of failure)
Press: ? - help, Shift-Dir - straight line, f/p - Harold
Aim: Harold, wielding a +0 mace, wearing a +0 scale mail and quivering 2 throwing nets (severely wounded, extremely poisoned, 78% to hit)
The stone arrow misses Harold.
Harold hits you with a +0 mace!
* * * LOW HITPOINT WARNING * * *
Unknown command.
Unknown command.
Casting: Stone Arrow (dangerous; 10% risk of failure)
Confirm with . or Enter, or press ? or * to list all spells.
Aiming: Stone Arrow (dangerous; 10% risk of failure)
Press: ? - help, Shift-Dir - straight line, f/p - Harold
Aim: Harold, wielding a +0 mace, wearing a +0 scale mail and quivering 2 throwing nets (severely wounded, extremely poisoned, 78% to hit)
The stone arrow hits Harold!
Harold is almost dead.
Harold closely misses you.
Casting: Stone Arrow (dangerous; 10% risk of failure)
Confirm with . or Enter, or press ? or * to list all spells.
Aiming: Stone Arrow (dangerous; 10% risk of failure)
Press: ? - help, Shift-Dir - straight line, f/p - Harold
Aim: Harold, wielding a +0 mace, wearing a +0 scale mail and quivering 2 throwing nets (almost dead, extremely poisoned, 78% to hit)
The stone arrow hits Harold.
Harold is almost dead.
Harold says, "Ah, this is what I got into this business for!"
Harold hits you with a +0 mace!
You die...

##<.###### #.......#.'.ooo.....
#...#### #.....# #.#.........
#.#....# #.....# #.#.........
#.####.# #.....#.#.# ...o....
#.# #)# #.....#.#.# ........
#.####)######.....#.#.# ....##..
#.........÷........[..#.....##..
####..)##.....###......# #..
#......##......@#....# ..@.
#...........))#)@.†..# +....
#.............##..†..# #...@
#.............##..†...... ......
#.............##......... .#...#
#.....#.......##.........
....#.......####....>.. ..
###.....# ##..... #......# .....


You could see Harold (extremely poisoned).

Vanquished Creatures
  Erica (D:9)
  Pikel (D:9)
  A troll (D:9)
  A wyvern (D:7)
  Menkaure (D:7)
  A water moccasin (D:8)
  3 orc warriors
  3 black bears
  2 ice beasts
  A sky beast (D:8)
  5 ogres
  A phantom (D:6)
  3 centaurs
  A lemure (D:9)
  2 bullfrogs (D:7)
  3 kobold brigands
  6 scorpions
  Dowan (D:7)
  17 killer bees
  3 howler monkeys
  An electric eel (D:7)
  3 hounds
  A jelly (D:6)
  6 orc priests
  A gnoll bouda (D:9)
  9 iguanas
  A sleepcap (D:5)
  6 orc wizards
  8 gnolls
  11 adders
  An ufetubus (D:4)
  2 dart slugs
  29 orcs
  7 endoplasms
  2 giant cockroaches (D:2)
  4 hobgoblins
  7 jackals
  20 kobolds
  A quokka (D:1)
  10 ball pythons
  3 bats (D:1)
  3 frilled lizards
  3 goblins (D:1)
  6 rats
202 creatures vanquished.

Vanquished Creatures (collateral kills)
  Duvessa (D:7)
  A bullfrog (D:7)
  A hound (D:6)
3 creatures vanquished.

Grand Total: 205 creatures vanquished

Notes
Turn   | Place    | Note
-------+----------+-------------------------------------------
     0 | D:1      | Amplified the Octopode Venom Mage began the quest for the
                  | Orb.
     0 | D:1      | Reached XP level 1. HP: 11/11 MP: 3/3
    74 | D:1      | Found a faded altar of an unknown god.
   276 | D:1      | Reached XP level 2. HP: 18/18 MP: 5/5
   367 | D:1      | Learned a level 2 spell: Poisonous Vapours
   973 | D:2      | Learned a level 1 spell: Summon Small Mammal
  1032 | D:1      | Reached skill level 1 in Fighting
  1032 | D:1      | Reached skill level 4 in Poison Magic
  1032 | D:1      | Reached XP level 3. HP: 16/23 MP: 0/6
  1322 | D:2      | Reached XP level 4. HP: 21/28 MP: 1/7
  1524 | D:2      | Identified the +2 long sword "Taataim" {heavy, rF- rC+
                  | Int+5}
  2121 | D:3      | Found an ancient bone altar of Kikubaaqudgha.
  2539 | D:3      | Reached XP level 5. HP: 33/34 MP: 9/9
  2788 | D:3      | Found a burning altar of Makhleb.
  2990 | D:4      | Identified a scroll of acquirement
  2990 | D:4      | Acquired the ring "Gietweg" {Fly rF++ Str+6 Dex+2}
  3068 | D:4      | Identified the staff of cold "Pilolai" {rC+ SInv}
  3184 | D:4      | Noticed an ogre
  3205 | D:4      | Killed an ogre
  3206 | D:4      | Reached skill level 1 in Ice Magic
  3206 | D:4      | Reached XP level 6. HP: 40/40 MP: 0/10
  3502 | D:4      | Reached skill level 5 in Poison Magic
  3720 | D:4      | Found a shimmering altar of Xom.
  3957 | D:4      | Reached skill level 1 in Staves
  3957 | D:4      | Reached skill level 5 in Stealth
  3957 | D:4      | Reached XP level 7. HP: 45/45 MP: 1/12
  4467 | D:5      | Entered Level 5 of the Dungeon
  4924 | D:5      | Reached skill level 1 in Air Magic
  5006 | D:5      | Found a radiant altar of Vehumet.
  5025 | D:5      | Reached XP level 8. HP: 53/53 MP: 8/14
  5186 | D:5      | Reached skill level 6 in Poison Magic
  5215 | D:5      | Found a blossoming altar of Fedhas.
  5532 | D:5      | HP: 1/54 [ogre/+0 giant spiked club (30)]
  5866 | D:6      | Found a runed translucent gate.
  5866 | D:6      | Found a runed translucent gate.
  5866 | D:6      | Found a runed translucent gate.
  5949 | D:6      | Found a bloodstained altar of Trog.
  6003 | D:7      | Noticed Duvessa
  6072 | D:6      | Learned a level 3 spell: Call Canine Familiar
  6345 | D:6      | Reached skill level 1 in Summonings
  6513 | D:5      | Learned a level 3 spell: Stone Arrow
  7086 | D:6      | Noticed VerbalBBQ's ghost (novice FoFi)
  7125 | D:6      | Reached skill level 7 in Poison Magic
  7125 | D:6      | Reached XP level 9. HP: 53/60 MP: 4/16
  7299 | D:6      | Reached skill level 5 in Spellcasting
  7347 | D:6      | Found a broken altar of Ashenzari.
  7501 | D:6      | Became a worshipper of Ashenzari the Shackled
  7541 | D:6      | Found an ornate altar of the Wu Jian Council.
  7881 | D:6      | Found a staircase to the Ecumenical Temple.
  8006 | D:7      | Reached skill level 5 in Fighting
  8035 | D:7      | Noticed Menkaure
  8046 | D:7      | Killed Menkaure
  8124 | D:7      | Noticed Dowan
  8694 | D:7      | Killed Duvessa
  8697 | D:7      | Killed Dowan
  8838 | D:7      | Reached skill level 8 in Poison Magic
  9145 | D:7      | Identified the +1 leather armour of the Sky {rPois Dex+2}
  9313 | D:8      | Reached skill level 5 in Air Magic
  9313 | D:8      | Reached XP level 10. HP: 47/68 MP: 10/19
 10123 | D:8      | Found a staircase to the Lair.
 10213 | D:9      | Noticed Erica
 10213 | D:9      | Noticed Harold
 10586 | D:9      | Noticed Pikel
 10603 | D:9      | Killed Pikel
 10604 | D:9      | Reached skill level 5 in Summonings
 10604 | D:9      | Reached skill level 9 in Poison Magic
 10797 | D:9      | Killed Erica
 10955 | D:9      | Slain by Harold

Illustrated notes

Levels and vault maps discovered:
D:1:      dpeg_arrival_tiny_h, layout_basic, hellmonk_ecumenical_altar_blasted
D:2:      layout_basic
D:3:      layout_basic, lightli_temple_of_fire, kiku_gazebo_pond_becter
D:4:      layout_basic, old_standard_altar
D:5:      layout_basic, fedhas_altar_4, vehumet_crystals
D:6:      minmay_evil_eye, layout_layer_cave, overflow_temple_1_default,
          nzn_wu_jian_contemplation, kennysheep_mini_moat, temple_hall,
          gammafunk_ghost_icy
D:7:      layout_rooms, lightli_minifort, uniq_duvessa, uniq_menkaure
D:8:      layout_basic, lair_entry_dummy
D:9:      layout_basic, uniq_erica, uniq_pikel, uniq_harold

Skill      XL: |  1  2  3  4  5  6  7  8  9 10 |
---------------+-------------------------------+-----
Stealth        | 3 4 5 |  5.5
Fighting       | 1 2 3 4 6 7 |  7.1
Poison Magic   | 4 5 7 8 9 |  9.4
Transmutations | 2 |  2.2
Spellcasting   | 3 4 6 |  6.9
Ice Magic      | 1 2 |  2.1
Staves         | 1 2 |  2.0
Air Magic      | 1 3 5 6 |  6.2
Summonings     | 1 3 5 |  5.4
Dodging        | |  2.0

Action                     |  1- 3 |  4- 6 |  7- 9 | 10-12 || total
---------------------------+-------+-------+-------+-------++-------
  Melee: Unarmed           |    67 |    10 |       |       ||    77
         Constrict         |    17 |    16 |    36 |    23 ||    92
         Tentacles         |    15 |    16 |    45 |    20 ||    96
         Punch             |     1 |     1 |     1 |       ||     3
         Long sword        |       |    31 |       |       ||    31
         Staff             |       |    25 |   145 |    66 ||   236
  Throw: Dart              |       |     8 |     1 |       ||     9
   Cast: Sting             |    19 |    31 |     8 |       ||    58
         Poisonous Vapours |     7 |    24 |    84 |    70 ||   185
         Summon Small Mamm |     1 |     3 |     5 |       ||     9
         Stone Arrow       |       |       |    20 |    17 ||    37
         Call Canine Famil |       |       |    11 |       ||    11
 Invoke: Curse Item        |       |       |     1 |       ||     1
  Evoke: Wand              |       |       |     3 |     3 ||     6
    Use: Scroll            |     2 |     7 |    10 |     3 ||    22
         Potion            |       |     1 |     6 |     4 ||    11
   Stab: Sleeping          |     6 |     3 |     2 |       ||    11
         Distracted        |       |       |     1 |       ||     1
         Paralysed         |       |       |     3 |       ||     3
 Armour: Skin              |    18 |    15 |    45 |    29 ||   107
  Dodge: Dodged            |    50 |    55 |   110 |    91 ||   306
